 Dungeon Crawl Stone Soup version 0.29-a0-892-g2c4c91d9db (webtiles) character file.

Game seed: 4511515865721342086

188 kevlar127 the Ruffian (level 5, -1/81 HPs)
             Began as a Troll Berserker on July 22, 2022.
             Was a Believer of Trog.
             Slain by an orc warrior
             ... wielding a +0 dire flail
              (10 damage)
             ... on level 4 of the Dungeon.
             The game lasted 00:02:17 (1337 turns).

kevlar127 the Ruffian (Troll Berserker)             Turns: 1337, Time: 00:02:18

Health: -1/81      AC:  6    Str: 27    XL:     5   Next: 39%
Magic:  4/4        EV: 10    Int:  3    God:    Trog [**....]
Gold:   161        SH:  0    Dex:  9    Spells: 4/4 levels left

rFire   . . .      SeeInvis +     - Unarmed
rCold   . . .      Faith    .   (no shield)
rNeg    . . .      Spirit   .   k - +2 robe of the Wilderness {Will+ SInv}
rPois   .          Reflect  .   (helmet restricted)
rElec   .          Harm     .   (no cloak)
rCorr   .          Rampage  .   (gloves unavailable)
Will    +....                   (boots unavailable)
Stlth   ..........              (no amulet)
HPRegen 1.03/turn               (no ring)
MPRegen 0.09/turn               (no ring)

@: berserking, very quick
A: large, unfitting armour, claws 3, regeneration 1, shaggy fur 1, tough skin 1
a: Renounce Religion, Berserk, Trog's Hand


You were on level 4 of the Dungeon.
You worshipped Trog.
Trog was pleased with you.
You visited 1 branch of the dungeon, and saw 4 of its levels.

You collected 161 gold pieces.

Inventory:

Missiles
 f - 25 stones (quivered)
Armour
 k - the +2 robe of the Wilderness (worn) {Will+ SInv}
   (You found it on level 3 of the Dungeon)

   SInv:      It lets you see invisible.
   Will:      It increases your willpower.
Scrolls
 e - 3 scrolls of identify {unknown}
 h - a scroll of immolation {unknown}
 i - a scroll of fog {unknown}
 j - a scroll of teleportation {unknown}
Potions
 b - a potion of attraction {unknown}
 c - a potion of magic {unknown}
 d - a potion of haste {unknown}
 g - 2 potions of heal wounds {unknown}


   Skills:
 + Level 3.7 Fighting
 - Level 3.0 Dodging
 + Level 4.6 Unarmed Combat


You had 4 spell levels left.
You didn't know any spells.
Your spell library was empty.

Dungeon Overview and Level Annotations

Branches:
Dungeon (4/15)
 Temple: D:4-7

Altars:


Innate Abilities, Weirdness & Mutations

You are too large for most types of armour.
You have claws for hands.
Your natural rate of healing is unusually fast.
You are covered in fur. (AC +1)
You have tough skin. (AC +1)


Message History

The orc wizard shouts!
The orc warrior hits you with a +0 dire flail!
You scratch the orc warrior.
The orc warrior is lightly wounded.
An orc comes into view.
It is wielding a +1 hand axe of electrocution.
The orc warrior hits you with a +0 dire flail.
You closely miss the orc warrior.
The orc warrior is lightly wounded.
The orc shouts!
You hear a shout!
The orc warrior hits you with a +0 dire flail!
The hobgoblin hits you.
A kobold comes into view. It is wielding a +0 club.
You closely miss the orc warrior.
The orc warrior is lightly wounded.
The hobgoblin closely misses you.
The orc warrior hits you with a +0 dire flail!!
* * * LOW HITPOINT WARNING * * *
You are too injured to fight recklessly!
You are too injured to fight recklessly!
You are too injured to fight recklessly!
You are too injured to fight recklessly!
You are too injured to fight recklessly!
You are too injured to fight recklessly!
You are too injured to fight recklessly!
You are too injured to fight recklessly!
You are too injured to fight recklessly!
You are too injured to fight recklessly!
You are too injured to fight recklessly!
You are too injured to fight recklessly!
There are monsters nearby!
There are monsters nearby!
Unknown command.
A red film seems to cover your vision as you go berserk!
You feel yourself moving faster!
You feel mighty! The hobgoblin closely misses you.
The orc priest invokes the aid of Beogh against you.
Beogh smites you!
* * * LOW HITPOINT WARNING * * *
The orc warrior hits you with a +0 dire flail!
You die...

... #.#....#
#.#....#
#.#....+ ####
#.#....# .....
#.#....###
......#.#.......
......†<........
......).@#.....
........og# ###
........#o#
#####...#.#
#...#o# #...#o.
#...##. #... ..


You could see an orc warrior, an orc priest, an orc wizard, an orc and a
hobgoblin.

Vanquished Creatures
  A scorpion (D:3)
  3 orc wizards (D:3)
  2 adders
  A dart slug (D:1)
  5 orcs
  2 endoplasms (D:1)
  3 goblins
  A hobgoblin (D:1)
  2 jackals (D:3)
  4 quokkas (D:1)
  2 ball pythons
  A bat (D:1)
  2 frilled lizards (D:3)
  3 kobolds (D:1)
  3 rats
35 creatures vanquished.

Notes
Turn   | Place    | Note
-------+----------+-------------------------------------------
     0 | D:1      | kevlar127 the Troll Berserker began the quest for the Orb.
     0 | D:1      | Reached XP level 1. HP: 22/22 MP: 0/0
   179 | D:1      | Reached XP level 2. HP: 29/29 MP: 1/1
   380 | D:2      | You fall into a shaft and drop 1 floor!
   484 | D:3      | Reached XP level 3. HP: 36/36 MP: 2/2
   501 | D:3      | Reached XP level 4. HP: 22/45 MP: 3/3
   520 | D:3      | Reached ** piety under Trog
   521 | D:3      | Reached skill level 4 in Unarmed Combat
   773 | D:3      | Noticed a scorpion
   778 | D:3      | Killed a scorpion
   779 | D:3      | Reached XP level 5. HP: 49/54 MP: 4/4
  1083 | D:3      | Identified the +2 robe of the Wilderness {Will+ SInv}
  1328 | D:4      | Noticed an orc warrior
  1337 | D:4      | Slain by an orc warrior

Illustrated notes

Levels and vault maps discovered:
D:1:      ebering_trefoil_3fold, layout_basic
D:2:      layout_basic, hellmonk_ecumenical_altar_pennies_from_heaven,
          serial_shops, shop, minmay_split_cup_small, uniq_robin
D:3:      layout_loops_ring
D:4:      kennysheep_the_goblin_king, layout_basic, mainiacjoe_overflow_chevrons

Skill      XL: |  1  2  3  4 |
---------------+-------------+-----
Fighting       | 3 |  3.7
Dodging        | 3 |  3.0
Unarmed Combat | 4 |  4.6

Action                   |  1- 3 |  4- 6 || total
-------------------------+-------+-------++-------
Melee: Unarmed           |    56 |    44 ||   100
       Punch             |     3 |       ||     3
Invok: Berserk           |       |     1 ||     1
 Stab: Sleeping          |     1 |       ||     1
Armor: Animal skin       |    14 |     6 ||    20
Dodge: Dodged            |    22 |    10 ||    32

Table legend: (Time is in decaauts)
 A = Elapsed time spent in this place.
 B = Non-inter-level travel time spent in this place.
 C = Inter-level travel time spent in this place.
 D = Time resting spent in this place.
 E = Time spent auto-exploring this place.
 F = Levels seen in this place.
 G = Mean time per level.
                   A        B        C        D        E       F      G
               +--------+--------+--------+--------+--------+-----+--------+
         Total |   1329 |   1245 |     84 |    220 |    815 |   4 |  332.2 |
       Dungeon |   1329 |   1245 |     84 |    220 |    815 |   4 |  332.2 |
               +--------+--------+--------+--------+--------+-----+--------+

Top non-repeatable levels by time:
     D:3: 941 daAuts
     D:1: 375 daAuts
     D:4: 10 daAuts
     D:2: 1 daAuts
